 Dungeon Crawl Stone Soup version 0.17.1-2-g5865329 (webtiles) character file.

366 PossumBlood the Archer (level 6, -1/39 HPs)
             Began as a High Elf Hunter on Jan 23, 2016.
             Slain by an orc
             ... wielding a +3 whip
              (5 damage)
             ... on level 4 of the Dungeon.
             The game lasted 00:10:25 (2654 turns).

PossumBlood the Archer (High Elf Hunter)            Turns: 2654, Time: 00:10:25

Health: -1/39      AC:  4    Str: 11    XL:     6   Next: 40%
Magic:  7/7        EV: 12    Int: 16    God:
Gold:   231        SH:  0    Dex: 17    Spells: 0 memorised, 5 levels left

rFire  . . .     SeeInvis .     u - +2 falchion (elec)
rCold  . . .     Clarity  .     c - +0 leather armour
rNeg   . . .     SustAt   .     (no shield)
rPois  .         Gourm    .     r - +0 helmet
rElec  .         Spirit   .     (no cloak)
rCorr  .         Warding  .     (no gloves)
rMut   .         Stasis   .     (no boots)
MR     .....                    h - amulet of regeneration
Stlth  ++........               (no ring)
                                (no ring)

@: not resistant to hostile enchantments, unstealthy
A: no striking features
a: no special abilities


You were on level 4 of the Dungeon.
You were not hungry.

You visited 1 branch of the dungeon, and saw 4 of its levels.
You also visited: Sewer.

You collected 231 gold pieces.

Inventory:

Hand Weapons
 a - a +3 shortbow
 u - a +2 falchion of electrocution (weapon)
Armour
 c - a +0 leather armour (worn)
 r - a +0 helmet (worn)
 s - an ice dragon hide
Jewellery
 h - an amulet of regeneration (around neck)
Scrolls
 g - 2 scrolls of fog
 m - a scroll of teleportation
Potions
 i - 2 potions of mutation
 k - 2 potions of curing
 o - a potion of brilliance {unknown}
 q - a potion of might
 v - 2 potions of flight
 w - a potion of invisibility {unknown}
Comestibles
 e - 3 bread rations


   Skills:
 - Level 2.0 Fighting
 * Level 10.1 Bows
 - Level 2.1 Dodging
 - Level 1.1 Stealth


You had 5 spell levels left.
You didn't know any spells.

Dungeon Overview and Level Annotations

Branches:
Dungeon (4/15)
 Temple: D:4-7

Altars:
Fedhas
Ru


Message History

The orc misses you. The ogre misses you.
A jackal and a skeleton come into view.
The jackal barks!
You hit the ogre.
There is a sudden explosion of sparks!
You kill the ogre!
Your Bows skill increases to level 10!
The orc hits you with an enchanted whip.
You hit the centaur skeleton. The jackal closely misses you.
The centaur skeleton hits you. The orc hits you with a club.
The orc closely misses you. The jackal bites you.
The centaur skeleton hits you.
The centaur skeleton hits you but does no damage.
The centaur skeleton hits you. The centaur skeleton barely misses you.
The orc throws a stone.
The stone misses you. The centaur skeleton hits you.
* * * LOW HITPOINT WARNING * * *
The orc hits you with an enchanted whip!
* * * LOW HITPOINT WARNING * * *
The orc hits you with an enchanted whip.
You die...

.............
#........ #....o.#
#..hh# .....##o#
#.##.##.## ###
#Z##..###.##
#o###o##...#
###@Z.o..#...#
#.<..........#
.###............#
.............#(..#
..###........#...#
####..####...#
#### #...# ##.##
##


You could see 3 orcs, a hound skeleton and a centaur skeleton.

Vanquished Creatures
  An ogre (D:4)
  An orc wizard (D:3)
  A giant frog skeleton (D:3)
  A hound skeleton (D:4)
  4 gnolls
  3 adders
  3 river rats (D:3)
  An ooze (D:3)
  3 worms
  2 giant geckos
  5 orcs (D:3)
  15 bats
  4 giant cockroaches
  11 goblins
  8 hobgoblins
  7 ball pythons
  8 giant newts
  10 jackals
  7 kobolds
  10 rats
105 creatures vanquished.

Notes
Turn   | Place    | Note
--------------------------------------------------------------
     0 | D:1      | PossumBlood the High Elf Hunter began the quest for the Orb.
     0 | D:1      | Reached XP level 1. HP: 14/14 MP: 2/2
   153 | D:1      | Reached XP level 2. HP: 19/19 MP: 3/3
   183 | D:1      | Reached skill level 6 in Bows
   401 | D:1      | Reached XP level 3. HP: 24/24 MP: 4/4
   733 | D:2      | Reached skill level 7 in Bows
   742 | D:2      | Found a faded altar to an unknown god.
   892 | D:2      | Reached XP level 4. HP: 29/29 MP: 5/5
  1036 | D:2      | Found a blossoming altar of Fedhas.
  1442 | D:3      | Found a sacrificial altar of Ru.
  1591 | D:3      | Reached skill level 8 in Bows
  1614 | D:3      | Reached XP level 5. HP: 34/34 MP: 6/6
  1809 | D:3      | Reached skill level 9 in Bows
  2006 | D:3      | Found a glowing drain.
  2036 | Sewer    | Entered a sewer
  2458 | D:3      | Reached XP level 6. HP: 36/39 MP: 7/7
  2643 | D:4      | Reached skill level 10 in Bows
  2654 | D:4      | Slain by an orc

Action                   |  1- 3 |  4- 6 || total
-------------------------+-------+-------++-------
Melee: Falchion          |       |    79 ||    79
 Fire: Shortbow          |    81 |   119 ||   200
  Use: Scroll            |       |    12 ||    12
  Eat: Beef jerky        |       |     2 ||     2
       Bread ration      |       |     1 ||     1
